 Dungeon Sprint DCSS version 0.27-a0-577-ge2a43ba0c9 (webtiles) character file.

Game seed: 4108949452819422289

458362 rocky1 the Petrodigitator (level 24, -10/265 HPs)
             Began as an Octopode Earth Elementalist on Mar 10, 2021.
             Was the Champion of Sif Muna.
             Killed from afar by a Hell Sentinel (20 damage)
             ... with damnation
             ... in the Dungeon (Sprint VII: "The Pits").
             The game lasted 02:19:32 (12662 turns).

rocky1 the Petrodigitator (OpEE)                   Turns: 12662, Time: 02:19:33

Health: -10/265    AC: 40    Str: 15    XL:     24   Next: 11%
Magic:  23/72      EV: 29    Int: 30    God:    Sif Muna [******]
Gold:   346        SH: 33    Dex: 17    Spells: 32/77 levels left

rFire    + + +     SeeInvis +   E - staff of earth
rCold    + + +     Faith    .   I - +8 tower shield {AC+3}
rNeg     + + +     Spirit   .   q - +2 hat {SInv}
rPois    ∞         Reflect  .   c - amulet of Foddipil {RegenMP +Fly}
rElec    +         Harm     .   U - ring of magical power
rCorr    .         Rampage  .   F - ring "Viaxemewn" {rF+ rC+ rN+}
Will     +....     NoTele   +   G - ring "Alirur" {rElec rF+ rC+ Str+2} Stlth **++++++++
                                b - ring "Yrhoiqun" {rF+ rN+ MP+9}
HPRegen  0.54/turn              w - ring of Abuorovu {rN+ Dex+2 Slay+5 Stlth+}
MPRegen  0.68/turn              p - ring "Acufru" {Wiz Int+4 Dex+2}
                                o - ring "Naklywk" {rElec rC+ rN+ Str+4}
                                A - ring "Lezea" {rElec rF+ Slay+3 SInv}

@: statue-form, very slow
A: almost no armour, amphibious, 8 rings, constrict 8, camouflage 1, fire
resistance 1, electricity resistance, nimble swimmer 1
}: 3/3 runes: silver, golden, iron
a: End Transformation, Renounce Religion, Evoke Flight, Channel Magic, Forget
Spell, Divine Exegesis


You were in the Dungeon.
You worshipped Sif Muna.
Sif Muna was exalted by your worship.
You were a stone statue.
You visited 1 branch You collected 346 gold pieces.

Inventory:

Hand Weapons
 C - a +4 eudemon blade of holy wrath
 K - the +2 Maxwell's thermic engine {flame, freeze}
   (You found it in the Dungeon)

   It has been specially enchanted to burn those struck by it, causing extra
   injury to most foes and up to half again as much damage against particularly
   susceptible opponents.
   Big, fiery blades are also staple armaments of hydra-hunters.
   It has been specially enchanted to freeze those struck by it, causing extra
   injury to most foes and up to half again as much damage against particularly
   susceptible opponents.
   It becomes more effective when it hits something.
   This effect fades over time.
 M - the +7 Spriggan's Knife {stab, EV+4 Stlth+}
   (You took it off a yaktaur in the Dungeon)

   It affects your evasion (+4).
   It makes you more stealthy.
 Y - the +9 demon blade of the Ageing Firefly {speed, Str+3 Int+3}
   (You found it in the Dungeon)

   Attacks with this weapon are significantly faster.
   It affects your strength (+3).
   It affects your intelligence (+3).
Armour
 q - a +2 hat of see invisible (worn)
 I - a +8 tower shield of protection (worn)
Magical Staves
 E - a staff of earth (weapon)
Jewellery
 b - the ring "Yrhoiqun" (on tentacle) {rF+ rN+ MP+9}
   (You found it in the Dungeon)

   [ring of positive energy]

   It protects you from fire.
   It protects you from negative energy.
   It affects your magic capacity (+9).
 c - the amulet of Foddipil (around mantle) {RegenMP +Fly}
   (You found it in the Dungeon)

   [amulet of magic regeneration]

   It increases your magic regeneration.
   It lets you fly.
 o - the ring "Naklywk" (on tentacle) {rElec rC+ rN+ Str+4}
   (You found it in the Dungeon)

   [ring of positive energy]

   It affects your strength (+4).
   It protects you from cold.
   It insulates you from electricity.
   It protects you from negative energy.
 p - the ring "Acufru" (on tentacle) {Wiz Int+4 Dex+2}
   (You found it in the Dungeon)

   [ring of wizardry]

   It improves your spell success rate.
   It affects your intelligence (+4).
   It affects your dexterity (+2).
 w - the ring of Abuorovu (on tentacle) {rN+ Dex+2 Slay+5 Stlth+}
   (You found it in the Dungeon)

   [ring of slaying]

   It affects your dexterity (+2).
   It affects your accuracy and damage with ranged weapons and melee attacks
   (+5).
   It protects you from negative energy.
   It makes you more stealthy.
 A - the ring "Lezea" (on tentacle) {rElec rF+ Slay+3 SInv}
   (You found it in the Dungeon)

   [ring of see invisible]

   It affects your accuracy and damage with ranged weapons and melee attacks
   (+3).
   It protects you from fire.
   It insulates you from electricity.
   It lets you see invisible.
 F - the ring "Viaxemewn" (right tentacle) {rF+ rC+ rN+}
   (You found it in the Dungeon)

   [ring of positive energy]

   It protects you from fire.
   It protects you from cold.
   It protects you from negative energy.
 G - the ring "Alirur" (on tentacle) {rElec rF+ rC+ Str+2}
   (You found it in the Dungeon)

   [ring of protection from fire]

   It affects your strength (+2).
   It protects you from fire.
   It protects you from cold.
   It insulates you from electricity.
 U - a ring of magical power (left tentacle)
Wands
 a - a wand of acid (4)
 r - a wand of flame (22)
 y - a wand of mindburst (14)
Scrolls
 d - 2 scrolls of magic mapping
 g - a scroll of summoning
 i - a scroll of amnesia
 j - a scroll of fear
 z - 2 scrolls of fog
 Q - 3 scrolls of identify
Potions
 e - 9 potions of berserk rage
 h - 6 potions of brilliance
 k - a potion of cancellation
 l - 12 potions of curing
 m - 3 potions of heal wounds
 t - 2 potions of invisibility
 u - 5 potions of might
 x - a potion of ambrosia
 B - 7 potions of haste
 J - 5 potions of magic
 L - 4 potions of mutation
 R - 3 potions of resistance
Miscellaneous
 f - a lightning rod (4/4)
 n - a phial of floods
 s - a phantom mirror
 v - a condenser vane
 D - a box of beasts
 V - a tin of tremorstones (2/2)


   Skills:
 O Level 27 Fighting
 - Level 14.0 Staves
 O Level 27 Dodging
 O Level 27 Stealth
 O Level 27 Shields
 + Level 24.1 Unarmed Combat
 O Level 27 Spellcasting
 O Level 27 Conjurations
 - Level 7.4 Translocations
 - Level 18.0 Transmutations
 O Level 27 Fire Magic
 O Level 27 Earth Magic
 + Level 26.5 Invocations
 O Level 27 Evocations


You had 32 spell levels left.
You knew the following spells:

 Your Spells              Type           Power      Damage    Failure   Level
a - Lehudib's Crystal Sp  Conj/Erth      70%        10d16     1%          8
b - Fire Storm            Conj/Fire      58%        8d15      1%          9
c - Lee's Rapid Deconstr  Erth           70%        3d33*     0%          5
d - Shatter               Erth           70%        3d52*     1%          9
e - Statue Form           Tmut/Erth      88%        N/A       0%          6
g - Iron Shot             Conj/Erth      70%        9d13      0%          6
h - Blink                 Tloc           N/A        N/A       1%          2

Your spell library contained the following spells:

 Spells                   Type           Power      Damage    Failure   Level
 Beastly Appendage        Tmut           100%       N/A       0%          1
 Foxfire                  Conj/Fire      100%       2x1d9     0%          1
 Magic Dart               Conj           100%       1d8       0%          1
 Sandblast                Erth           100%       2d20      0%          1
 Shock                    Conj/Air       100%       1d9       0%          1
 Sting                    Tmut/Pois      100%       1d8       0%          1
 Passwall                 Tmut/Erth      100%       N/A       0%          2
 Searing Ray              Conj           100%       3d7       0%          2
 Wereblood                Tmut           99%        N/A       0%          2
 Conjure Flame            Conj/Fire      100%       6-21      0%          3
 Dazzling Flash           Conj/Hex       100%       N/A       0%          3
 Ignite Poison            Fire/Tmut/Pois 92%        N/A       0%          3
 Inner Flame              Hex/Fire       88%        N/A       0%          3
 Static Discharge         Conj/Air       88%        N/A       0%          3
 Stone Arrow              Conj/Erth      100%       3d13      0%          3
 Fulminant Prism          Conj/Hex       44%        3d20      0%          4
 Hailstorm                Conj/Ice       88%        3d18      0%          4
 Iskenderun's Mystic Bla  Conj/Tloc      97%        2d19      0%          4
 Leda's Liquefaction      Hex/Erth       55%        N/A       0%          4
 Petrify                  Tmut/Erth      100%       N/A       0%          4
 Sticky Flame             Conj/Fire      100%       2d11      0%          4
 Blade Hands              Tmut           49%        N/A       0%          5
 Bolt of Magma            Conj/Fire/Erth 70%        4d27      0%          5
 Fireball                 Conj/Fire      58%        3d22      0%          5
 Irradiate                Conj/Tmut      54%        3d31      0%          5
 Iskenderun's Battlesphe  Conj           100%       2d15      0%          5
 Starburst                Conj/Fire      58%        8x6d15    0%          6
 Orb of Destruction       Conj           58%        9d17      0%          7
 Animate Skeleton         Necr           80%        N/A       1%          1
 Apportation              Tloc           100%       N/A       1%          1
 Corona                   Hex            44%        N/A       1%          1
 Freeze                   Ice            100%       1d11      1%          1
 Pain                     Necr           100%       1d9       1%          1
 Summon Small Mammal      Summ           100%       N/A       1%          1
 Call Imp                 Summ           40%        N/A       1%          2
 Corpse Rot               Necr/Air       N/A        N/A       1%          2
 Ensorcelled Hibernation  Hex/Ice        80%        N/A       1%          2
 Poisonous Vapours        Pois/Air       80%        N/A       1%          2
 Slow                     Hex            40%        N/A       1%          2
 Sublimation of Blood     Necr           20%        N/A       1%          2
 Swiftness                Air            40%        N/A       1%          2
 Call Canine Familiar     Summ           40%        N/A       1%          3
 Confusing Touch          Hex            40%        N/A       1%          3
 Frozen Ramparts          Ice            80%        1d10      1%          3
 Gell's Gravitas          Tloc           35%        N/A       1%          3
 Lesser Beckoning         Tloc           35%        N/A       1%          3
 Mephitic Cloud           Conj/Pois/Air  76%        N/A       1%          3
 Ozocubu's Armour         Ice            40%        N/A       1%          3
 Portal Projectile        Hex/Tloc       100%       N/A       1%          3
 Spider Form              Tmut/Pois      38%        N/A       1%          3
 Summon Guardian Golem    Hex/Summ       40%        N/A       1%          3
 Teleport Other           Tloc           71%        N/A       1%          3
 Tukima's Dance           Hex            40%        N/A       1%          3
 Vampiric Draining        Necr           20%        2d8       1%          3
 Ice Form                 Ice/Tmut       76%        N/A       1%          4
 Manifold Assault         Tloc           71%        N/A       1%          4
 Passage of Golubria      Tloc           N/A        N/A       1%          4
 Alistair's Intoxication  Tmut/Pois      50%        N/A       1%          5
 Borgnjor's Vile Clutch   Necr/Erth      55%        N/A       1%          5
 Lightning Bolt           Conj/Air       44%        1d63      1%          5
 Summon Forest            Summ/Tloc      29%        N/A       1%          5
 Yara's Violent Unravell  Hex/Tmut       38%        3d15      1%          5
 Conjure Ball Lightning   Conj/Air       44%        3x3d15    1%          6
 Dispersal                Tloc           35%        N/A       1%          6
 Eringya's Noxious Bog    Tmut/Pois      38%        N/A       1%          6
 Freezing Cloud           Conj/Ice/Air   38%        6-21      1%          6
 Hydra Form               Tmut           49%        N/A       1%          6
 Dragon Form              Tmut           49%        N/A       1%          7
 Spellforged Servitor     Conj/Summ      44%        N/A       1%          7
 Ignition                 Fire           58%        3d16      1%          8
 Airstrike                Air            20%        N/A       2%          4
 Animate Dead             Necr           20%        N/A       2%          4
 Cause Fear               Hex            20%        N/A       2%          4
 Dispel Undead            Necr           40%        3d16      2%          4
 Olgreb's Toxic Radiance  Pois           40%        N/A       2%          4
 Summon Ice Beast         Ice/Summ       40%        N/A       2%          4
 Summon Lightning Spire   Summ/Air       40%        N/A       2%          4
 Chain Lightning          Conj/Air       44%        N/A       6%          8
 Agony                    Necr           40%        N/A       7%          5
 Excruciating Wounds      Necr           20%        N/A       7%          5
 Metabolic Englaciation   Hex/Ice        20%        N/A       7%          5
 Silence                  Hex/Air        20%        N/A       7%          5
 Summon Mana Viper        Hex/Summ       40%        N/A       7%          5
 Death Channel            Necr           20%        N/A       34%         6
 Invisibility             Hex            40%        N/A       34%         6
 Shadow Creatures         Summ           N/A        N/A       34%         6
 Simulacrum               Ice/Necr       20%        N/A       34%         6
 Necromutation            Tmut/Necr      38%        N/A       36%         8
 Malign Gateway           Summ/Tloc      29%        N/A       41%         7
 Disjunction              Tloc           35%        N/A       56%         8
 Haunt                    Necr/Summ      20%        N/A       87%         7
 Monstrous Menagerie      Summ           20%        N/A       87%         7
 Ozocubu's Refrigeration  Ice            20%        4d9       87%         7
 Summon Hydra             Summ           20%        N/A       87%         7
 Borgnjor's Revivificati  Necr           20%        N/A       100%        8
 Discord                  Hex            20%        N/A       100%        8
 Infestation              Necr           20%        N/A       100%        8
 Summon Horrible Things   Summ           20%        N/A       100%        8
 Absolute Zero            Ice            20%        ∞         100%        9
 Death's Door             Necr           20%        N/A       100%        9
 Dragon's Call            Summ           20%        N/A       100%        9
 Tornado                  Air            20%        N/A       100%        9


Dungeon Overview and Level Annotations

Branches:
Dungeon (1/1)

Altars:
Ashenzari
Cheibriados
Dithmenos
Elyvilon
Fedhas
Gozag
Hepliaklqana
Kikubaaqudgha
Makhleb
Nemelex Xobeh
Okawaru
Qazlal
Ru
Sif Muna
Trog
Uskayaw
Vehumet
Wu Jian
Xom
Yredelemnul
Zin
The Shining One
Beogh
Jiyva
Lugonu


Innate Abilities, Weirdness & Mutations

You cannot wear most types of armour.
You are amphibious.
You can wear up to eight rings at the same time.
You can use your tentacles to constrict eight enemies at once.
Your skin changes colour to match your surroundings (Stealth+).
((Your rubbery body absorbs attacks. (AC +1, EV +1)))
You are stealthy while swimming. (Stealth+)
((You are partially covered in yellow scales. (AC +2)))
Your flesh is heat resistant. (rF+)
You are resistant to electric shocks. (rElec)


Message History

Unknown command.
Casting: Shatter (mildly dangerous; 1% risk of failure)
Confirm with . or Enter, or press ? or * to list all spells.
Aiming: Lehudib's Crystal Spear (mildly dangerous; 1% risk of failure)
Press: ? - help, Shift-Dir - straight line, f - Hell Sentinel
Aim: a Hell Sentinel (moderately wounded, 2% to evade)
You feel a surge of power!
The crystal spear hits the Hell Sentinel!!!
The Hell Sentinel is heavily wounded.
Unknown command.
Casting: Lehudib's Crystal Spear (mildly dangerous; 1% risk of failure)
Confirm with . or Enter, or press ? or * to list all spells.
Aiming: Lehudib's Crystal Spear (mildly dangerous; 1% risk of failure)
Press: ? - help, Shift-Dir - straight line, f/p - Hell Sentinel
Aim: a Hell Sentinel (heavily wounded, 2% to evade)
You feel a surge of power!
The crystal spear hits the Hell Sentinel!!!
The Hell Sentinel is almost dead.
The Hell Sentinel misses you. You block the Hell Sentinel's attack.
The ancient lich points at you and mumbles some strange words.
The crystal spear hits you!!!
* * * LOW HITPOINT WARNING * * *
You block the Hell Sentinel's attack. x2; The ancient lich touches you!
* * * LOW HITPOINT WARNING * * *
The Hell Sentinel misses you.
The Hell Sentinel completely misses you.
Unknown command.
You feel much better. The ancient lich misses you.
The Hell Sentinel barely misses you. You block the Hell Sentinel's attack.
The ancient lich casts a spell at you. The bolt of acid hits you!!
* * * LOW HITPOINT WARNING * * *
You are splashed with acid!
* * * LOW HITPOINT WARNING * * *
Casting: Lehudib's Crystal Spear (mildly dangerous; 1% risk of failure)
Confirm with . or Enter, or press ? or * to list all spells.
You blink.
The Hell Sentinel gestures at you.
The sphere of damnation explodes!
The damnation engulfs you!!
You die...

**.#..##. ##.###########
**,.......## ##.............
**,,........# ##..............
**,,,........###.....###...###.
*,,,,...............##.......##
*,,,,.............#............
*,,,,.......L..................
*,,,,.......1..................
*,,,,..0......8..#.............
*,,,,..†.................).....
*,,,,.............#............
*,,,,..........................
*,,,,.........#.....##......)..
**,,,........#.......###.......
**,,,,.....#* ##..............
**,,,....#* *#.......).....
********* *#######.....#


You could see a Hell Sentinel and an ancient lich.

Vanquished Creatures
  Antaeus (D)
  Dissolution (D)
  the Royal Jelly (D)
  Mnoleg (D)
  the Serpent of Hell (D)
  4 ancient liches (D)
  3 orbs of fire (D)
  Mennas (D)
  Mara (D)
  4 royal mummies (D)
  Boris (D)
  A Killer Klown (D)
  Frederick (D)
  Margery (D)
  A curse toe (D)
  A golden dragon (D)
  Jory (D)
  4 pandemonium lords (D)
  5 bone dragons (D)
  5 pearl dragons (D)
  2 Tzitzimimeh (D)
  4 Brimstone Fiends (D)
  3 electric golems (D)
  A tentacled monstrosity (D)
  4 Hell Sentinels (D)
  An Ice Fiend (D)
  26 Orb Guardians (D)
  2 deep elf blademasters (D)
  18 titans (D)
  2 deep elf master archers (D)
  10 liches (D)
  4 quicksilver dragons (D)
  8 acid blobs (D)
  Murray (D)
  4 Executioners (D)
  Gastronok (D)
  A death cob (D)
  Kirke (D)
  Frances (D)
  4 shadow dragons (D)
  4 azure jellies (D)
  2 storm dragons (D)
  A deep elf sorcerer (D)
  3 daevas (D)
  2 nagarajas (D)
  2 draconian scorchers (D)
  An iron dragon (D)
  10 fire giants (D)
  13 frost giants (D)
  2 orc warlords (D)
  A balrug (D)
  2 cacodemons (D)
  Louise (D)
  Aizul (D)
  2 draconian stormcallers (D)
  3 ghouls (D)
  2 draconian shifters (D)
  3 draconian annihilators (D)
  A spriggan defender (D)
  2 angels (D)
  20 stone giants (D)
  A stone giant (shapeshifter) (D)
  An ophan (D)
  A lorocyproca (D)
  2 apis (D)
  A deep elf demonologist (D)
  3 white draconians (D)
  2 green draconians (D)
  6 vampire knights (D)
  A yellow draconian (D)
  2 dire elephants (D)
  A purple draconian (D)
  2 eidola (D)
  4 deep elf annihilators (D)
  A minotaur (D)
  A deep elf death mage (D)
  4 blizzard demons (D)
  A merfolk impaler (D)
  7 ettins (D)
  2 great orbs of eyes (D)
  4 deep elf high priests (D)
  12 death oozes (D)
  4 green deaths (D)
  3 fire dragons (D)
  2 yaktaur captains (D)
  3 mummy priests (D)
  A boulder beetle (D)
  2 naga warriors (D)
  4 hydras (D)
  An ice dragon (D)
  2 ogre magi (D)
  A spriggan air mage (D)
  5 vault guards (D)
  2 death knights (D)
  2 catoblepae (D)
  An anaconda (D)
  A merfolk avatar (D)
  A merfolk aquamancer (D)
  10 vampire magi (D)
  A dancing weapon (D)
  2 spriggan berserkers (D)
  A naga sharpshooter (D)
  2 deep elf knights (D)
  2 sun demons (D)
  17 hell knights (D)
  26 skeletal warriors (D)
  2 unseen horrors (D)
  A sixfirhy (D)
  A death drake (D)
  2 sea snakes (D)
  A spriggan druid (D)
  A deep troll (D)
  2 bog bodies (D)
  A swamp dragon (D)
  A cherub (D)
  2 lindwurms (D)
  11 flayed ghosts (D)
  A wizard (D)
  10 orc knights (D)
  8 necromancers (D)
  An orc sorcerer (D)
  Pikel (D)
  A deep elf pyromancer (D)
  2 manticores (D)
  2 moths of wrath (D)
  20 cyclopes (D)
  A naga mage (D)
  A rust devil (D)
  Joseph (D)
  An eye of devastation (D)
  2 gargoyles (D)
  2 hellions (D)
  A rime drake (D)
  8 yaktaurs (D)
  A demonic crawler (D)
  2 ice devils (D)
  2 tormentors (D)
  2 freezing wraiths (D)
  4 red devils (D)
  2 wandering mushrooms (D)
  3 merfolk (D)
  A tyrant leech (D)
  A guardian mummy (D)
  A polar bear (D)
  A troll (D)
  2 jumping spiders (D)
  Grinder (D)
  14 dream sheep (D)
  3 blink frogs (D)
  A snapping turtle (D)
  8 redbacks (D)
  An air elemental (D)
  3 wraiths (D)
  2 tarantellas (D)
  2 water elementals (D)
  2 ynoxinuls (D)
  A spriggan (D)
  3 golden eyes (D)
  4 yaks (D)
  3 vampires (D)
  6 hogs (D)
  2 vampire mosquitoes (D)
  3 neqoxecs (D)
  2 acid dragons (D)
  6 nagas (D)
  4 orc warriors (D)
  An eye of draining (D)
  An ice beast (D)
  A necrophage (D)
  10 wolves (D)
  4 lemures (D)
  A bullfrog (D)
  3 killer bees (D)
  6 wights (D)
  A quasit (D)
  A hound (D)
  A gnoll shaman (D)
  An iguana (D)
  Jessica (D)
  2 orc wizards (D)
  A worker ant (D)
  An adder (D)
  6 gnolls (D)
  2 river rats (D)
  2 ufetubi (D)
  2 oozes (D)
  7 adder skeletons (D)
  3 adder zombies (D)
  3 adder simulacra (D)
  7 orcs (D)
  6 bat skeletons (D)
  8 bat zombies (D)
  A goblin (D)
  A ball python (D)
  4 ball python simulacra (D)
  A ball python skeleton (D)
  2 bat simulacra (D)
  A frilled lizard (D)
  A giant cockroach simulacrum (D)
  2 jackal skeletons (D)
  3 leopard gecko zombies (D)
  6 fire vortices (D)
655 creatures vanquished.

Vanquished Creatures (collateral kills)
  Xtahua (D)
  An acid blob (D)
  A black draconian (D)
  A death ooze (D)
  A wizard (D)
5 creatures vanquished.

Vanquished Creatures (others)
  A bone dragon (D)
  A frost giant (D)
  A deep elf sorcerer (D)
  A draconian scorcher (D)
  A war gargoyle (D)
  69 fire vortices (D)
74 creatures vanquished.

Grand Total: 734 creatures vanquished

Notes
Turn   | Place    | Note
-------+----------+-------------------------------------------
     0 | D        | rocky1 the Octopode Earth Elementalist began the quest for
                  | the Orb.
     0 | D        | Reached XP level 1. HP: 11/11 MP: 3/3
   125 | D        | Found a bloodstained altar of Trog.
   125 | D        | Found a shimmering blue altar of Sif Muna.
   125 | D        | Found a viscous altar of Jiyva.
   125 | D        | Found a hazy altar of Hepliaklqana.
   125 | D        | Found an opulent altar of Gozag.
   126 | D        | Found a glowing golden altar of the Shining One.
   126 | D        | Found a glowing silver altar of Zin.
   126 | D        | Found a basalt altar of Yredelemnul.
   126 | D        | Found a shimmering altar of Xom.
   126 | D        | Found an ornate altar of the Wu Jian Council.
   126 | D        | Found a sacrificial altar of Ru.
   126 | D        | Found a stormy altar of Qazlal.
   126 | D        | Found an iron altar of Okawaru.
   126 | D        | Found a sparkling altar of Nemelex Xobeh.
   126 | D        | Found a burning altar of Makhleb.
   126 | D        | Found a blossoming altar of Fedhas.
   126 | D        | Found a white marble altar of Elyvilon.
   126 | D        | Found a shadowy altar of Dithmenos.
   126 | D        | Found a snail-covered altar of Cheibriados.
   129 | D        | Found a corrupted altar of Lugonu.
   129 | D        | Found a radiant altar of Vehumet.
   130 | D        | Found an ancient bone altar of Kikubaaqudgha.
   130 | D        | Found a hide-covered altar of Uskayaw.
   130 | D        | Found a broken altar of Ashenzari.
   131 | D        | Became a worshipper of Sif Muna the Loreminder
   144 | D        | Noticed a worker ant
   149 | D        | Killed a worker ant
   150 | D        | Reached XP level 2. HP: 17/17 MP: 5/5
   150 | D        | Reached XP level 3. HP: 21/21 MP: 6/6
   480 | D        | Reached * piety under Sif Muna
   816 | D        | Reached ** piety under Sif Muna
   817 | D        | Reached XP level 4. HP: 13/27 MP: 0/7
   997 | D        | Noticed a bullfrog
  1002 | D        | Killed a bullfrog
  1003 | D        | Reached skill level 10 in Earth Magic
  1003 | D        | Reached XP level 5. HP: 31/31 MP: 5/8
  1011 | D        | Learned a level 5 spell: Lee's Rapid Deconstruction
  1127 | D        | Noticed a wolf
  1128 | D        | Reached *** piety under Sif Muna
  1132 | D        | Killed a wolf
  1132 | D        | Reached **** piety under Sif Muna
  1133 | D        | Reached skill level 5 in Spellcasting
  1133 | D        | Reached skill level 5 in Invocations
  1133 | D        | Reached XP level 6. HP: 36/36 MP: 10/13
  1208 | D        | Killed an unseen horror
  1209 | D        | Reached XP level 7. HP: 47/49 MP: 9/17
  1209 | D        | Reached XP level 8. HP: 52/54 MP: 9/18
  1265 | D        | Reached ***** piety under Sif Muna
  1265 | D        | Received a gift from Sif Muna
  1266 | D        | Reached skill level 5 in Dodging
  1306 | D        | Learned a level 3 spell: Stone Arrow
  1311 | D        | Learned a level 4 spell: Petrify
  1311 | D        | Noticed Jessica
  1311 | D        | Noticed a deep troll
  1315 | D        | Killed Jessica
  1316 | D        | Reached skill level 5 in Fighting
  1318 | D        | Killed a deep troll
  1319 | D        | Reached XP level 9. HP: 62/62 MP: 8/21
  1444 | D        | Noticed a lindwurm
  1452 | D        | Killed a lindwurm
  1585 | D        | Noticed a polar bear
  1585 | D        | Noticed a guardian mummy
  1588 | D        | Received a gift from Sif Muna
  1589 | D        | Reached skill level 5 in Stealth
  1590 | D        | Reached skill level 10 in Invocations
  1590 | D        | Noticed a deep elf pyromancer
  1591 | D        | Killed a deep elf pyromancer
  1593 | D        | Killed a guardian mummy
  1593 | D        | Identified Moykuff's Collected Works on Entrancing Flames
                  | (Sif Muna gifted it to you in the Dungeon)
  1593 | D        | Received a gift from Sif Muna
  1594 | D        | Reached XP level 10. HP: 66/71 MP: 20/22
  1599 | D        | Identified Sif Muna's Compendium of the Freezing Oath (Sif
                  | Muna gifted it to you in the Dungeon)
  1599 | D        | Received a gift from Sif Muna
  1752 | D        | Reached skill level 5 in Transmutations
  1753 | D        | Reached skill level 5 in Staves
  1753 | D        | Reached skill level 5 in Conjurations
  1753 | D        | Killed a manticore
  1753 | D        | Reached ****** piety under Sif Muna
  1758 | D        | Noticed Pikel
  1766 | D        | Identified Tego's Incunabulum of Combat Magic (Sif Muna
                  | gifted it to you in the Dungeon)
  1766 | D        | Received a gift from Sif Muna
  1766 | D        | Killed Pikel
  1767 | D        | Reached XP level 11. HP: 52/78 MP: 13/24
  1888 | D        | Noticed a lindwurm
  1888 | D        | Noticed Gastronok
  1893 | D        | Killed a lindwurm
  1893 | D        | Killed Gastronok
  1894 | D        | Reached skill level 10 in Stealth
  1894 | D        | Reached skill level 10 in Spellcasting
  1977 | D        | Identified Sif Muna's Incunabulum of Stones (Sif Muna
                  | gifted it to you in the Dungeon)
  1977 | D        | Received a gift from Sif Muna
  1986 | D        | Noticed a boulder beetle
  1986 | D        | Noticed a manticore
  1990 | D        | Noticed an orc sorcerer
  1990 | D        | Noticed Joseph
  1990 | D        | Noticed Grinder
  1990 | D        | Noticed a cyclops
  1994 | D        | Noticed an unseen horror
  1999 | D        | Killed Joseph
  1999 | D        | Killed Grinder
  2000 | D        | Identified Zuamp's Collected Works on Shifting
                  | Confrontation (Sif Muna gifted it to you in the Dungeon)
  2000 | D        | Received a gift from Sif Muna
  2002 | D        | Killed an orc sorcerer
  2004 | D        | Killed a cyclops
  2005 | D        | Identified Heirchid's Grimoire of Congealing Calling (Sif
                  | Muna gifted it to you in the Dungeon)
  2005 | D        | Received a gift from Sif Muna
  2006 | D        | Reached skill level 10 in Dodging
  2023 | D        | Killed an unseen horror
  2029 | D        | Identified Sif Muna's Disquisition on Shifting Attacks (Sif
                  | Muna gifted it to you in the Dungeon)
  2029 | D        | Received a gift from Sif Muna
  2149 | D        | Noticed a merfolk impaler
  2155 | D        | Killed a merfolk impaler
  2156 | D        | Reached XP level 12. HP: 87/87 MP: 23/26
  2157 | D        | Killed a boulder beetle
  2275 | D        | Identified Sif Muna's Incunabulum of Twisted Venom (Sif
                  | Muna gifted it to you in the Dungeon)
  2275 | D        | Received a gift from Sif Muna
  2390 | D        | Noticed an anaconda
  2390 | D        | Noticed a five-headed hydra
  2394 | D        | Killed a five-headed hydra
  2395 | D        | Reached skill level 15 in Earth Magic
  2398 | D        | Killed an anaconda
  2399 | D        | Reached skill level 5 in Evocations
  2553 | D        | Noticed a deep elf sorcerer
  2557 | D        | Killed a deep elf sorcerer
  2576 | D        | Identified Finneuto's Disquisition on Transmigration and
                  | Black Rites (Sif Muna gifted it to you in the Dungeon)
  2576 | D        | Received a gift from Sif Muna
  2579 | D        | Reached skill level 10 in Conjurations
  2682 | D        | Gained mutation: Your magical capacity is low. (-10% MP) [a
                  | neqoxec]
  2688 | D        | Identified Sif Muna's Compendium of the Earthen Entourage
                  | (Sif Muna gifted it to you in the Dungeon)
  2688 | D        | Received a gift from Sif Muna
  2786 | D        | Noticed Kirke
  2787 | D        | Identified the +6 battleaxe "Hogulaq Aqoxt" {vorpal, Int+6}
  2787 | D        | Identified the +6 great sword of Defilement {holy, *Slow
                  | rC+ rN++ Stlth+}
  2790 | D        | Killed Kirke
  2790 | D        | Identified Sif Muna's Catalogue of Doomed Shape Shifting
                  | (Sif Muna gifted it to you in the Dungeon)
  2790 | D        | Received a gift from Sif Muna
  2791 | D        | Reached XP level 13. HP: 92/92 MP: 9/24
  2905 | D        | Learned a level 6 spell: Statue Form
  2911 | D        | Learned a level 5 spell: Fireball
  2960 | D        | Noticed a fire giant
  2960 | D        | Noticed a death cob
  2963 | D        | Reached skill level 10 in Fighting
  2963 | D        | Noticed Frances
  2964 | D        | Reached skill level 15 in Stealth
  2964 | D        | Killed a death cob
  2967 | D        | Noticed an apis
  2967 | D        | Identified Sif Muna's Collected Works on Combat Magic (Sif
                  | Muna gifted it to you in the Dungeon)
  2967 | D        | Received a gift from Sif Muna
  2967 | D        | Killed Frances
  2969 | D        | Identified Uqotuh's Tome of Lethal Bewitchment (Sif Muna
                  | gifted it to you in the Dungeon)
  2969 | D        | Received a gift from Sif Muna
  2972 | D        | Killed a fire giant
  2973 | D        | Reached skill level 10 in Evocations
  2979 | D        | Killed an apis
  2983 | D        | Identified Hirenus's Almanac of the Twisted Escort (Sif
                  | Muna gifted it to you in the Dungeon)
  2983 | D        | Received a gift from Sif Muna
  3211 | D        | Learned a level 6 spell: Iron Shot
  3228 | D        | Noticed an orc warlord
  3228 | D        | Noticed an orc warlord
  3239 | D        | Reached skill level 1 in Fire Magic
  3241 | D        | Reached skill level 10 in Staves
  3243 | D        | Killed an orc warlord
  3243 | D        | Identified Sif Muna's Tome of Gliding Combat Magic (Sif
                  | Muna gifted it to you in the Dungeon)
  3243 | D        | Received a gift from Sif Muna
  3245 | D        | Noticed an eidolon
  3246 | D        | Reached XP level 14. HP: 101/101 MP: 14/26
  3346 | D        | Identified Sif Muna's Reference Book on Burning Arcane
                  | Weapons (Sif Muna gifted it to you in the Dungeon)
  3346 | D        | Received a gift from Sif Muna
  3346 | D        | Noticed a deep elf blademaster
  3368 | D        | Killed an orc warlord
  3429 | D        | Identified Veescho's Guide on Fetching Summoning (Sif Muna
                  | gifted it to you in the Dungeon)
  3429 | D        | Received a gift from Sif Muna
  3435 | D        | Killed a deep elf blademaster
  3436 | D        | Reached skill level 5 in Fire Magic
  3666 | D        | Noticed a deep elf blademaster
  3670 | D        | Killed a deep elf blademaster
  3671 | D        | Reached skill level 10 in Transmutations
  3679 | D        | Identified Sif Muna's Papyrus of Beguiling (Sif Muna gifted
                  | it to you in the Dungeon)
  3679 | D        | Received a gift from Sif Muna
  4229 | D        | Noticed an apis
  4237 | D        | Killed an apis
  4390 | D        | Noticed an ophan
  4391 | D        | Noticed a white draconian
  4391 | D        | Noticed a red draconian scorcher
  4391 | D        | Noticed a red draconian shifter
  4391 | D        | Noticed a deep elf demonologist
  4411 | D        | Killed a red draconian scorcher
  4432 | D        | Noticed a deep elf annihilator
  4434 | D        | Killed a deep elf annihilator
  4453 | D        | Identified Zugarr's Disquisition on Destructive
                  | Intoxication (Sif Muna gifted it to you in the Dungeon)
  4453 | D        | Received a gift from Sif Muna
  4453 | D        | Noticed a white draconian annihilator
  4456 | D        | Killed a white draconian annihilator
  4457 | D        | Reached skill level 15 in Dodging
  4457 | D        | Noticed a stone giant
  4458 | D        | Killed an ophan
  4460 | D        | Killed a stone giant
  4460 | D        | Noticed a lich
  4461 | D        | Reached XP level 15. HP: 107/107 MP: 3/28
  4464 | D        | Killed a lich
  4464 | D        | Noticed a fire giant
  4475 | D        | Identified Askotoqu's Almanac of Battle Magic (Sif Muna
                  | gifted it to you in the Dungeon)
  4475 | D        | Received a gift from Sif Muna
  4483 | D        | Killed a fire giant
  4530 | D        | Noticed an ancient lich
  4532 | D        | Noticed an Executioner
  4534 | D        | Killed an Executioner
  4536 | D        | Killed an ancient lich
  4616 | D        | Noticed a lich
  4619 | D        | Killed a lich
  4619 | D        | Identified Sif Muna's Reference Book on Blows and Bruises
                  | (Sif Muna gifted it to you in the Dungeon)
  4619 | D        | Received a gift from Sif Muna
  4621 | D        | Noticed an ancient lich
  4633 | D        | Killed an ancient lich
  4634 | D        | Reached skill level 15 in Conjurations
  4634 | D        | Reached skill level 10 in Fire Magic
  4779 | D        | Noticed a lich
  4783 | D        | Killed a lich
  4783 | D        | Identified Sif Muna's Catalogue of Toxins and Bewitchment
                  | (Sif Muna gifted it to you in the Dungeon)
  4783 | D        | Received a gift from Sif Muna
  4784 | D        | Reached skill level 15 in Evocations
  4790 | D        | Killed a red draconian shifter
  4909 | D        | Got the ring of Ymodife {+Inv +Fly rPois rF+}
  4911 | D        | Got the amulet of Foddipil {RegenMP +Fly}
  4913 | D        | Got the ring "Kapnamot" {Int+3 Dex+4 Slay+5 SInv}
  4915 | D        | Got the ring "Ajuat" {rF++ SInv}
  4917 | D        | Got the ring of Joacai {Ice *Contam Str+2 Int+4 SInv}
  4919 | D        | Got the ring "Kyotwahi" {rElec rF+ Will+ Int-4 Dex+4}
  4921 | D        | Got the ring "Orhesit" {rPois rF- rC+ Dex+2}
  4923 | D        | Got the ring "Zuklacam" {+Fly rPois Will+ Dex+5 Slay+5}
  4925 | D        | Got the amulet "Zuanow" {Reflect rC+ Str+7 Int-3 SH+5}
  4927 | D        | Got the amulet of Tyz Opah {Faith rC+ Str+2}
  4929 | D        | Got the ring of Upingam {Int+3 Dex+4 Slay+5}
  4931 | D        | Got the ring "Naklywk" {rElec rC+ rN+ Str+4}
  4933 | D        | Got the ring of Demons {Will+ Int+4}
  4935 | D        | Got the ring of Jyrexabb {Dex+6 Stlth+}
  4937 | D        | Got the ring of Circularity {rPois Str+4 SInv}
  4939 | D        | Got the ring of Abuorovu {rN+ Dex+2 Slay+5 Stlth+}
  4941 | D        | Got the ring "Ukulav Qioz" {+Inv rCorr Str-2 Dex+4 SInv}
  4943 | D        | Got the amulet "Ishrasie" {Spirit rC+++ Will- Str+4}
  4945 | D        | Got the ring "Zerisip" {+Inv rF+ rN+ MP+9 Int-5}
  4947 | D        | Got the ring "Lezea" {rElec rF+ Slay+3 SInv}
  4949 | D        | Got the amulet "Puydaapp" {Reflect +Blink Str+3 Dex+3
                  | Slay-4 SH+5}
  4951 | D        | Got the ring of the Louse {AC+4 SInv}
  4953 | D        | Got the ring of Grontol {rC- rN++ Dex+2 SInv}
  4955 | D        | Got the ring "Viaxemewn" {rF+ rC+ rN+}
  4957 | D        | Got the ring "Alirur" {rElec rF+ rC+ Str+2}
  4989 | D        | Got the Incunabulum of the Enchanting Volcanoes
  5018 | D        | Got the Reference Book on Confrontation and Malediction
  5022 | D        | Got the Catalogue of Companions and Ignition
  5162 | D        | Learned a level 8 spell: Lehudib's Crystal Spear
  5244 | D        | Received a gift from Sif Muna
  5245 | D        | Reached skill level 1 in Shields
  5245 | D        | Reached XP level 16. HP: 113/113 MP: 17/30
  5246 | D        | Identified Sif Muna's Tome of the Voyage (Sif Muna gifted
                  | it to you in the Dungeon)
  5246 | D        | Received a gift from Sif Muna
  5260 | D        | Identified Xiry's Reference Book on Moulding (Sif Muna
                  | gifted it to you in the Dungeon)
  5260 | D        | Received a gift from Sif Muna
  5269 | D        | Received a gift from Sif Muna
  5272 | D        | Reached skill level 5 in Shields
  5279 | D        | Noticed Aizul
  5283 | D        | Killed Aizul
  5284 | D        | Reached skill level 15 in Transmutations
  5534 | D        | Noticed a shadow dragon
  5535 | D        | a shadow dragon changed into a stone giant
  5537 | D        | Received a gift from Sif Muna
  5544 | D        | Reached skill level 15 in Spellcasting
  5561 | D        | Identified Sif Muna's Tome of Destructive Darkness (Sif
                  | Muna gifted it to you in the Dungeon)
  5561 | D        | Received a gift from Sif Muna
  5571 | D        | Identified the ring of Qoaliawa {+Fly rPois Str-5 Int+8
                  | Stlth-}
  5575 | D        | Found the ring of the Octopus King {AC+1 EV+1 Str+1 Int+1
                  | Dex+1 SInv}
  5580 | D        | Identified Ajivurui's Papyrus of Darkness and Attacks (Sif
                  | Muna gifted it to you in the Dungeon)
  5580 | D        | Received a gift from Sif Muna
  5639 | D        | Noticed a storm dragon
  5643 | D        | Killed a storm dragon
  5665 | D        | Noticed a shadow dragon
  5673 | D        | Killed a shadow dragon
  5674 | D        | Received a gift from Sif Muna
  5676 | D        | Noticed a titan
  5693 | D        | Killed a titan
  5693 | D        | Identified Sif Muna's Tome of Dislocation (Sif Muna gifted
                  | it to you in the Dungeon)
  5693 | D        | Received a gift from Sif Muna
  6026 | D        | Reached XP level 17. HP: 124/124 MP: 24/33
  6027 | D        | Got the Handbook of Supportive Transmutation
  6031 | D        | Got the Compendium of Beguiling and Creation
  6273 | D        | Got the +3 double sword "Ytsyph" {venom, rC+ Str+5 Int+2}
  6289 | D        | Noticed a bone dragon
  6289 | D        | Noticed a lich
  6289 | D        | Noticed a lich
  6289 | D        | Noticed a bone dragon
  6305 | D        | Killed a bone dragon
  6306 | D        | Identified Leytrei's Almanac of the Gliding Frostbite (Sif
                  | Muna gifted it to you in the Dungeon)
  6306 | D        | Received a gift from Sif Muna
  6327 | D        | Killed a bone dragon
  6350 | D        | Identified Sif Muna's Reference Book on Weightlessness (Sif
                  | Muna gifted it to you in the Dungeon)
  6350 | D        | Received a gift from Sif Muna
  6380 | D        | Reached skill level 10 in Shields
  6382 | D        | Identified Sif Muna's Compendium of the Blaze and Summoning
                  | (Sif Muna gifted it to you in the Dungeon)
  6382 | D        | Received a gift from Sif Muna
  6386 | D        | Received a gift from Sif Muna
  6388 | D        | Killed a lich
  6388 | D        | Killed a lich
  6389 | D        | Reached skill level 15 in Fighting
  6396 | D        | Identified Sif Muna's Almanac of Hurtful Sinister Rites
                  | (Sif Muna gifted it to you in the Dungeon)
  6396 | D        | Received a gift from Sif Muna
  6397 | D        | Reached skill level 15 in Fire Magic
  6448 | D        | Learned a level 2 spell: Blink
  6584 | D        | Noticed a bone dragon
  6584 | D        | Noticed a lich
  6584 | D        | Noticed a lich
  6584 | D        | Noticed a bone dragon
  6585 | D        | Received a gift from Sif Muna
  6586 | D        | Identified Dispater's Catalogue of Creative Combat Magic
                  | (Sif Muna gifted it to you in the Dungeon)
  6586 | D        | Received a gift from Sif Muna
  6586 | D        | Identified Sif Muna's Reference Book on Creative Lightness
                  | (Sif Muna gifted it to you in the Dungeon)
  6586 | D        | Received a gift from Sif Muna
  6587 | D        | Identified Sif Muna's Compendium of the Dusty Entourage
                  | (Sif Muna gifted it to you in the Dungeon)
  6587 | D        | Received a gift from Sif Muna
  6587 | D        | Killed a lich
  6588 | D        | Identified Sif Muna's Collected Works on Confrontation and
                  | Companions (Sif Muna gifted it to you in the Dungeon)
  6588 | D        | Received a gift from Sif Muna
  6589 | D        | Reached skill level 5 in Translocations
  6590 | D        | Killed a lich
  6591 | D        | Killed a bone dragon
  6593 | D        | Killed a bone dragon
  6593 | D        | Received a gift from Sif Muna
  6594 | D        | Reached XP level 18. HP: 124/137 MP: 9/35
  6599 | D        | Identified Sif Muna's Grimoire of Hurtful Creation (Sif
                  | Muna gifted it to you in the Dungeon)
  6599 | D        | Received a gift from Sif Muna
  6676 | D        | Got the ring "Rivyloq Kuad" {+Fly Will+ Dex+4}
  6678 | D        | Got the ring of Xetemomi {*Slow rC+ Str+4 Int+6}
  6697 | D        | Got the amulet "Worphek" {rN+ Regen+ Dex+4}
  6699 | D        | Got a silver rune of Zot
  6702 | D        | Got the Collected Works on Spatial Bewitchment
  6786 | D        | Learned a level 9 spell: Fire Storm
  6796 | D        | Learned a level 9 spell: Shatter
  6845 | D        | Noticed a titan
  6848 | D        | Identified Sif Muna's Incunabulum of Black Rites and
                  | Confrontation (Sif Muna gifted it to you in the Dungeon)
  6848 | D        | Received a gift from Sif Muna
  6848 | D        | Killed a titan
  6916 | D        | Noticed a quicksilver dragon
  6919 | D        | Killed a quicksilver dragon
  6972 | D        | Noticed Jory
  6977 | D        | Killed Jory
  7032 | D        | Noticed the Royal Jelly
  7046 | D        | Noticed a deep elf master archer
  7047 | D        | Killed the Royal Jelly
  7049 | D        | Killed a deep elf master archer
  7372 | D        | Noticed a Hell Sentinel
  7373 | D        | Noticed Xtahua
  7376 | D        | Killed a Hell Sentinel
  7377 | D        | Reached skill level 15 in Shields
  7388 | D        | Killed Xtahua
  7935 | D        | Noticed a Killer Klown
  7943 | D        | Noticed a golden dragon
  7948 | D        | Killed a Killer Klown
  7949 | D        | Reached XP level 19. HP: 80/148 MP: 18/38
  7951 | D        | Killed a golden dragon
  8266 | D        | Got the amulet "Typo" {Faith rElec Int+2}
  8268 | D        | Got the amulet "Comid" {Regen+ SInv}
  8270 | D        | Got the amulet "Ruerrain" {Faith rPois rN+++ Will+ Dex-5}
  8293 | D        | Got the ring "Dugan" {rPois rN+++ Str+2 SInv Stlth+}
  8295 | D        | Got the ring "Nopotty" {*Corrode Int+6 Dex+5 Slay+6}
  8297 | D        | Got the ring "Nityn" {Will+ Str+2 Dex+3}
  8299 | D        | Got the ring of Descent {+Fly rF+ rC+ Will+}
  8304 | D        | Got the amulet of the Shimmering Fool {rF- rC+ Regen+ Str+2
                  | Int+5}
  8316 | D        | Got the +9 demon blade of the Ageing Firefly {speed, Str+3
                  | Int+3}
  8318 | D        | Got the +9 demon blade "Xaschiru" {freeze, Dex+8}
  8447 | D        | Noticed a pearl dragon
  8452 | D        | Killed a pearl dragon
  8508 | D        | Noticed a curse toe
  8515 | D        | Killed a curse toe
  8522 | D        | Noticed a bone dragon
  8522 | D        | Noticed Diurerucw the pandemonium lord
  8533 | D        | Killed a bone dragon
  8537 | D        | Killed Diurerucw the pandemonium lord
  8742 | D        | Noticed an orb of fire
  8743 | D        | Gained mutation: You are agile. (Dex +2) [an orb of fire]
  8745 | D        | Killed an orb of fire
  8746 | D        | Lost mutation: You are agile. (Dex +2) [potion of mutation]
  8746 | D        | Lost mutation: Your magical capacity is low. (-10% MP)
                  | [potion of mutation]
  8746 | D        | Gained mutation: You are partially covered in yellow
                  | scales. (AC +2) [potion of mutation]
  8746 | D        | Gained mutation: You are strong-willed. (Will+) [potion of
                  | mutation]
  8753 | D        | Noticed Norixt the pandemonium lord
  8755 | D        | Killed Norixt the pandemonium lord
  8762 | D        | Noticed a pearl dragon
  8764 | D        | Killed a pearl dragon
  8976 | D        | Noticed a pearl dragon
  8979 | D        | Killed a pearl dragon
  9035 | D        | Noticed an orb of fire
  9036 | D        | Gained mutation: You tend to lose your temper in combat.
                  | [an orb of fire]
  9038 | D        | Killed an orb of fire
  9069 | D        | Noticed a Brimstone Fiend
  9071 | D        | Killed a Brimstone Fiend
  9261 | D        | Noticed a Brimstone Fiend
  9263 | D        | Killed a Brimstone Fiend
  9264 | D        | Reached XP level 20. HP: 160/160 MP: 38/45
  9270 | D        | Noticed a Brimstone Fiend
  9272 | D        | Killed a Brimstone Fiend
  9321 | D        | Noticed a royal mummy
  9324 | D        | Killed a royal mummy
  9632 | D        | Noticed Margery
  9633 | D        | Noticed an orb of fire
  9636 | D        | Killed Margery
  9639 | D        | Killed an orb of fire
  9688 | D        | Noticed Louise
  9688 | D        | Noticed a Brimstone Fiend
  9692 | D        | Killed a Brimstone Fiend
  9694 | D        | Killed Louise
  9830 | D        | Noticed the Serpent of Hell
  9831 | D        | Noticed an electric golem
  9840 | D        | Killed the Serpent of Hell
  9842 | D        | Killed an electric golem
  9965 | D        | Noticed Mnoleg
  9976 | D        | Killed Mnoleg
 10155 | D        | Noticed an electric golem
 10158 | D        | Killed an electric golem
 10176 | D        | Noticed a Tzitzimitl
 10179 | D        | Killed a Tzitzimitl
 10329 | D        | Noticed a bone dragon
 10329 | D        | Noticed a royal mummy
 10335 | D        | Killed a bone dragon
 10336 | D        | Killed a royal mummy
 10337 | D        | Reached XP level 21. HP: 171/171 MP: 44/47
 10423 | D        | Gained mutation: You are weak. (Str -2) [a cacodemon]
 10474 | D        | Got the ring "Yrhoiqun" {rF+ rN+ MP+9}
 10477 | D        | Got the ring "Usexiero" {rElec Int+8 Dex-5 Slay+4 SInv}
 10479 | D        | Got the ring of the Evening {rC+ rN+}
 10483 | D        | Got an iron rune of Zot
 10485 | D        | Got the ring "Udaxkuq" {Ice *Corrode Str+8 Int+2}
 10487 | D        | Got the ring "Damnable Contraption" {Ice rN+ Str-2 Int+2}
 10490 | D        | Got the ring "Sadghefu" {+Fly rF+ Stlth+}
 10493 | D        | Got the amulet "Baghu" {Reflect rPois Int+2 Dex+3 SH+5}
 10495 | D        | Got the ring "Sosyid" {*Slow rC+ rN+ Str+4 Int+6}
 10500 | D        | Got the ring "Zisecemm" {+Inv Dex+6}
 10544 | D        | Lost mutation: You tend to lose your temper in combat.
                  | [potion of mutation]
 10544 | D        | Lost mutation: You are strong-willed. (Will+) [potion of
                  | mutation]
 10544 | D        | Lost mutation: You are weak. (Str -2) [potion of mutation]
 10544 | D        | Gained mutation: Your flesh is heat resistant. (rF+)
                  | [potion of mutation]
 10544 | D        | Gained mutation: You are resistant to electric shocks.
                  | (rElec) [potion of mutation]
 10616 | D        | Reached skill level 27 in Earth Magic
 10629 | D        | Identified the +9 morningstar "Somuesad" {venom, rF+ rC+}
 10633 | D        | Reached XP level 22. HP: 106/183 MP: 10/50
 10640 | D        | Reached skill level 27 in Dodging
 10938 | D        | Got the ring "Acufru" {Wiz Int+4 Dex+2}
 10953 | D        | Found the +2 Maxwell's thermic engine {flame, freeze}
 10984 | D        | Got the Reference Book on Unstable Envenoming
 11025 | D        | Got a golden rune of Zot
 11148 | D        | Noticed Mennas
 11149 | D        | Noticed Murray
 11154 | D        | Killed Murray
 11178 | D        | Killed Mennas
 11179 | D        | Reached skill level 27 in Conjurations
 11645 | D        | Noticed Boris
 11651 | D        | Killed Boris
 11652 | D        | Reached skill level 27 in Evocations
 11655 | D        | Noticed Frederick
 11657 | D        | Killed Frederick
 11662 | D        | Reached skill level 27 in Fighting
 11662 | D        | Reached skill level 27 in Fire Magic
 11770 | D        | Noticed an ancient lich
 11770 | D        | Noticed a royal mummy
 11771 | D        | Reached skill level 27 in Spellcasting
 11772 | D        | Killed an ancient lich
 11772 | D        | Noticed Suoxasuv the pandemonium lord
 11773 | D        | Reached skill level 27 in Shields
 11773 | D        | Reached XP level 23. HP: 197/197 MP: 38/54
 11774 | D        | Reached skill level 10 in Unarmed Combat
 11775 | D        | Reached skill level 15 in Invocations
 11777 | D        | Killed a royal mummy
 11779 | D        | Noticed Mara
 11782 | D        | Killed Suoxasuv the pandemonium lord
 11787 | D        | Noticed rocky1's illusion
 11787 | D        | Noticed a royal mummy
 11790 | D        | Killed Mara
 11791 | D        | Reached skill level 15 in Unarmed Combat
 11794 | D        | Killed a royal mummy
 11795 | D        | Noticed Neh Zal the pandemonium lord
 12091 | D        | Killed Neh Zal the pandemonium lord
 12146 | D        | Noticed Antaeus
 12147 | D        | Noticed Dissolution
 12166 | D        | Killed Antaeus
 12169 | D        | Killed Dissolution
 12188 | D        | Reached skill level 27 in Stealth
 12651 | D        | Noticed an ancient lich
 12654 | D        | Reached XP level 24. HP: 137/204 MP: 48/54
 12654 | D        | Killed an ancient lich
 12654 | D        | Noticed an ancient lich
 12661 | D        | HP: 9/265 [acid (12)]
 12662 | D        | Killed from afar by a Hell Sentinel

Illustrated notes

Levels and vault maps discovered:
D:        pitsprint [storerooms_1, entrance_room_1, metal_vault_1, armoury_2,
          mini_pit_1, grid_room_1, main_hall_1, silver_pit, the_coven_2,
          the_vestibule_1, steel_vault_4, golden_pit, hallway_of_sentries,
          crystal_vault_1, iron_vault_2, final_vault]

Skill      XL: |  1  2  3  4  5  6  7  8  9 10 11 12 13 14 15 16 17 18 19 20 21 22 23 24 |
---------------+-------------------------------------------------------------------------+-----
Earth Magic    | 6 8 10 11 12 13 14 15 16 18 19 20 21 23 24 26 27 | 27.0
Invocations    | 5 8 9 10 11 12 14 25 26 | 26.5
Spellcasting   | 5 7 8 9 10 12 14 15 17 19 21 22 24 27 | 27.0
Fighting       | 4 6 7 8 9 11 13 16 18 20 22 24 27 | 27.0
Dodging        | 4 6 7 8 10 12 13 15 16 18 19 21 23 25 26 27 | 27.0
Staves         | 3 5 7 10 12 14 | 14.0
Stealth        | 6 8 11 14 16 18 27 | 27.0
Conjurations   | 3 5 8 10 12 14 15 17 19 21 22 24 26 27 | 27.0
Transmutations | 4 5 7 8 10 13 17 18 | 18.0
Evocations     | 2 8 10 13 15 16 18 21 23 25 27 | 27.0
Fire Magic     | 2 7 11 13 16 18 20 22 24 27 | 27.0
Shields        | 1 8 12 15 18 20 23 27 | 27.0
Translocations | 6 7 |  7.4
Unarmed Combat | 9 23 24 | 24.1

Action                   |  1- 3 |  4- 6 |  7- 9 | 10-12 | 13-15 | 16-18 | 19-21 | 22-24 || total
-------------------------+-------+-------+-------+-------+-------+-------+-------+-------++-------
Melee: Unarmed           |    14 |     7 |       |       |       |       |       |       ||    21
       Tentacles         |     4 |     2 |       |       |     3 |     5 |    12 |     7 ||    33
       Constrict         |     3 |     1 |       |       |     1 |     4 |     2 |     2 ||    13
       Quarterstaff      |       |       |     1 |     1 |       |       |       |       ||     2
       Staff             |       |       |       |       |     8 |    25 |    23 |    50 ||   106
       Punch             |       |       |       |       |       |       |       |     5 ||     5
 Cast: Sandblast         |    15 |    10 |       |     1 |     1 |       |       |       ||    27
       Lee's Rapid Decon |       |     5 |    17 |    75 |   116 |   107 |    18 |     5 ||   343
       Petrify           |       |       |     1 |       |       |       |       |       ||     1
       Stone Arrow       |       |       |       |     4 |     1 |       |       |       ||     5
       Lehudib's Crystal |       |       |       |     2 |     3 |    47 |    97 |    45 ||   194
       Iron Shot         |       |       |       |       |    12 |     4 |       |       ||    16
       Statue Form       |       |       |       |       |    11 |    19 |    22 |     4 ||    56
       Fire Storm        |       |       |       |       |     1 |     7 |     3 |    17 ||    28
       Blink             |       |       |       |       |       |     4 |       |     2 ||     6
       Dragon's Call     |       |       |       |       |       |     1 |       |       ||     1
       Shatter           |       |       |       |       |       |       |     5 |    21 ||    26
Invok: Channel Magic     |       |     1 |     4 |    12 |    20 |    25 |     7 |     9 ||    78
       Divine Exegesis   |       |       |       |     2 |     4 |     8 |     1 |       ||    15
Evoke: Condenser vane    |       |       |       |     1 |     1 |     4 |     1 |       ||     7
       Tin of tremorston |       |       |       |       |       |       |     1 |       ||     1
  Use: Potion            |     1 |     2 |       |     1 |     7 |     7 |     3 |    14 ||    35
       Scroll            |       |       |       |       |     8 |    14 |       |     1 ||    23
 Stab: Sleeping          |     1 |       |       |       |       |     1 |     4 |       ||     6
Armor: Skin              |     1 |     4 |     1 |     3 |     7 |    93 |    43 |    35 ||   187
Dodge: Dodged            |    14 |    10 |     9 |    16 |    19 |   135 |    78 |    63 ||   344
Block: Buckler           |       |       |       |       |       |    25 |       |       ||    25
       Tower shield      |       |       |       |       |       |    93 |   145 |   211 ||   449

Table legend: (Time is in decaauts) A = Elapsed time spent in this place. B = Non-inter-level travel time spent in this place. C = Inter-level travel time spent in this place. D = Time resting spent in this place. E = Time spent auto-exploring this place. F = Levels seen in this place. G = Mean time per level. A B C D E F G +--------+--------+--------+--------+--------+-----+--------+ Total | 13861 | 13643 | 218 | 8445 | 0 | 1 | 13861.0 | Dungeon | 13861 | 13643 | 218 | 8445 | 0 | 1 | 13861.0 | +--------+--------+--------+--------+--------+-----+--------+

Top non-repeatable levels by time:
       D: 13861 daAuts
